 Dungeon Crawl Stone Soup version 0.32-a0-135-g14f8b2e1af (webtiles) character file.

Game seed: 9480500951773416953

204961 Kenran the Acrobat (level 18, -6/97 (98) HPs)
             Began as a Spriggan Hunter on Feb 10, 2024.
             Was the Champion of Okawaru.
             Mangled by an eight-headed hydra simulacrum (27 damage)
             ... on level 4 of the Swamp.
             The game lasted 01:11:47 (32248 turns).

Kenran the Acrobat (Spriggan Hunter)               Turns: 32248, Time: 01:11:47

HP:   -6/97 (98)    AC: 12    Str:  5    XL:     18   Next: 2%
MP:   20/22         EV: 45    Int: 16    God:    Okawaru [******]
Gold: 1432          SH:  0    Dex: 25    Spells: 17/17 levels left

rFire   . . .        b - +3 arbalest (drain)
rCold   . . .        (shield currently unavailable)
rNeg    . . .        K - +2 troll leather armour {Snorg}
rPois   +            (helmet currently unavailable)
rElec   .            m - melded +1 cloak {rPois}
rCorr   .            (gloves unavailable)
SInv    +            (boots unavailable)
Will    ++++.        I - amulet of regeneration
Stlth   ++++++++     F - +4 ring of protection
HPRegen 1.96/turn    L - ring "Rebat" {rPois Will+ AC+4 Int+4}
MPRegen 0.18/turn

%: no passive effects
@: beast-form, heroic, lightly drained, very quick
A: beast (slay +4), very small, no large weapons, unfitting armour, see
invisible, speed 3, deformed body, weak 1, inability to read after injury 1
}: 1/15 runes: gossamer
a: Begin Untransformation, Renounce Religion, Heroism, Finesse, Duel


You were on level 4 of the Swamp.
You worshipped Okawaru.
Okawaru was exalted by your worship.
You were a hulking beast.
You visited 6 branches of the dungeon, and saw 31 of its levels.
You also visited: Gauntlet.

You collected 2951 gold pieces.
You spent 1519 gold pieces at shops.

Inventory:

Hand Weapons
 a - the +7 hand cannon "Q" {freeze, rElec}
   (Okawaru gifted it to you on level 2 of the Lair of Beasts)

   rElec:     It insulates you from electricity.
 b - a +3 arbalest of draining (weapon)
Missiles
 d - 58 poisoned darts
 e - 7 throwing nets
 s - 12 atropa-tipped darts
 B - 7 darts of dispersal
 O - 6 datura-tipped darts
 Q - 17 curare-tipped darts
Armour
 m - a +1 cloak of poison resistance (melded)
 K - a +2 troll leather armour (worn) {Snorg}
 P - the quicksilver dragon scales "Beptir" {rPois Will+ Str+7}
   (Okawaru gifted it to you on level 4 of the Lair of Beasts)

   Str+7:     It affects your strength (+7).
   rPois:     It protects you from poison Will+: It increases your willpower.
Jewellery
 l - a ring of protection from fire
 z - a ring of resist corrosion
 F - a +4 ring of protection (left hand)
 I - an amulet of regeneration (around neck)
 L - the ring "Rebat" (right hand) {rPois Will+ AC+4 Int+4}
   (You bought it in a shop on level 1 of the Orcish Mines)

   [ring of protection]

   AC+4:      It affects your AC (+4).
   Int+4:     It affects your intelligence (+4).
   rPois:     It protects you from poison Will+: It increases your willpower.
 X - a ring of poison resistance
Talismans
 k - a maw talisman
 G - a beast talisman (active)
Wands
 j - a wand of roots (10)
 v - a wand of flame (101)
 T - a wand of digging (8)
 W - a wand of polymorph (6)
 Z - a wand of acid (4)
Scrolls
 c - 3 scrolls of silence
 g - 17 scrolls of teleportation
 i - 4 scrolls of blinking
 o - 3 scrolls of revelation
 p - 3 scrolls of vulnerability {!r}
 u - 4 scrolls of poison {!r}
 w - 5 scrolls of fog
 y - 2 scrolls of enchant armour
 C - 4 scrolls of immolation {!r}
 R - 10 scrolls of identify {@r1}
 Y - 2 scrolls of fear
Potions
 f - 8 potions of might
 h - 3 potions of berserk rage {!q}
 n - 10 potions of lignification {!q}
 q - 5 potions of haste
 r - 5 potions of brilliance
 t - 3 potions of cancellation
 x - 15 potions of ambrosia
 A - 4 potions of enlightenment
 D - 3 potions of resistance
 E - 6 potions of attraction {!q}
 H - 10 potions of curing {@q1}
 J - a potion of invisibility
 N - 4 potions of heal wounds {@q2}
 S - 2 potions of mutation {!q}
Miscellaneous
 M - a phial of floods
 U - a condenser vane
 V - a lightning rod (4/4)


   Skills:
 - Level 12.0(17.0) Fighting
 - Level 18.0(23.0) Ranged Weapons
 - Level 22.0(27) Dodging
 - Level 15.0(20.0) Stealth
 + Level 7.0(12.0) Unarmed Combat
 - Level 5.0 Invocations
 - Level 10.0 Evocations
 - Level 12.0 Shapeshifting


You had 17 spell levels left.
You didn't know any spells.
Your spell library contained the following spells:

 Spells                   Type           Power      Damage    Failure   Level
 Freeze                   Ice            0%         1d3       36%         1
 Sandblast                Erth           0%         2d4       36%         1
 Jinxbite                 Hex            0%         N/A       52%         2
 Sublimation of Blood     Necr           0%         N/A       52%         2
 Dazzling Flash           Conj/Hex       0%         N/A       75%         3
 Frozen Ramparts          Ice            0%         1d1       75%         3
 Fugue of the Fallen      Necr           0%         N/A       75%         3
 Hailstorm                Conj/Ice       0%         3d5       75%         3
 Ozocubu's Armour         Ice            0%         N/A       75%         3
 Passwall                 Erth           0%         N/A       75%         3
 Sigil of Binding         Hex            0%         N/A       75%         3
 Stone Arrow              Conj/Erth      0%         3d7       75%         3
 Volatile Blastmotes      Fire/Tloc      0%         2d10      75%         3
 Brom's Barrelling Bould  Conj/Erth      0%         2d3       98%         4
 Manifold Assault         Tloc           0%         N/A       98%         4
 Passage of Golubria      Tloc           0%         N/A       98%         4
 Iskenderun's Battlesphe  Conj           0%         2d6       100%        5
 Silence                  Hex/Air        0%         N/A       100%        5
 Bombard                  Conj/Erth      0%         9d1       100%        6
 Conjure Ball Lightning   Conj/Air       0%         3x3d6     100%        6
 Starburst                Conj/Fire      0%         6d3       100%        6
 Discord                  Hex            0%         N/A       100%        8
 Disjunction              Tloc           0%         N/A       100%        8
 Lehudib's Crystal Spear  Conj/Erth      0%         10d2      100%        8
 Maxwell's Capacitive Co  Air            0%         ∞         100%        8
 Chain Lightning          Conj/Air       0%         N/A       100%        9
 Fire Storm               Conj/Fire      0%         5d1       100%        9
 Shatter                  Erth           0%         3d5*      100%        9
 Call Imp                 Summ           Unusable   N/A       N/A         2
 Summon Mana Viper        Hex/Summ       Unusable   N/A       N/A         5
 Spellforged Servitor     Conj/Summ      Unusable   N/A       N/A         7
 Summon Hydra             Summ           Unusable   N/A       N/A         7

Dungeon Overview and Level Annotations

Branches:
Dungeon (15/15)            Temple (1/1) D:4            Lair (5/5) D:11
  Swamp (4/4) Lair:3       Spider (4/4) Lair:3        Slime (0/5) Lair:5
    Orc (2/2) D:10            Elf (0/3) Orc:2        Vaults (0/5) D:14
 Depths (0/4) D:15        Gauntlet (visited)

Altars:
Ashenzari
Cheibriados
Dithmenos
Elyvilon
Fedhas
Gozag
Hepliaklqana
Kikubaaqudgha
Makhleb
Nemelex Xobeh
Okawaru
Qazlal
Ru
Sif Muna
Trog
Uskayaw
Vehumet
Wu Jian
Xom
Yredelemnul
Zin
The Shining One
Jiyva

Shops:
D:5 =   D:6 [?   D:8 *:   D:10 (   Orc:1 =   Orc:2 ?(([[

Annotations:
D:5 exclusion: downstairs
D:13 2 runed translucent doors, Waro's ghost, journeyman DjFE
Lair:1 exclusion: downstairs
Lair:5 exclusion: obsidian statue
Swamp:3 Mara; Roxanne
Spider:4 2 runed translucent doors


Innate Abilities, Weirdness & Mutations

You are a hulking beast.
Your limbs bulge with bestial killing power. (Slay +4)
You are very small and have problems with some larger weapons.
You are too small for most types of armour.
You have supernaturally acute eyesight. (SInv)
You cover ground extremely quickly. (Speed+++)
Armour fits poorly on your strangely shaped body.
You are weak. (Str -2)
You occasionally lose the ability to read scrolls when taking damage.


Message History

The ghoul is heavily damaged.
The ghoul completely misses you. The ghoul claws you!
The four-headed hydra skeleton completely misses you. x2
The four-headed hydra skeleton bites you.
The four-headed hydra skeleton completely misses you.
You shoot a bolt. The bolt hits the ghoul!!
The ghoul is severely damaged.
The ghoul misses you. The ghoul claws you!
The four-headed hydra skeleton completely misses you.
The four-headed hydra skeleton bites you!
The four-headed hydra skeleton misses you.
The four-headed hydra skeleton bites you!
You shoot a bolt. The bolt hits the ghoul!
The ghoul is severely damaged.
The ghoul completely misses you. x2
You shoot a bolt. The bolt completely misses the ghoul.
The ghoul misses you. The ghoul completely misses you.
The eight-headed hydra simulacrum completely misses you. x2
The eight-headed hydra simulacrum barely misses you.
The eight-headed hydra simulacrum completely misses you.
The eight-headed hydra simulacrum misses you.
The eight-headed hydra simulacrum completely misses you. x2
The eight-headed hydra simulacrum closely misses you.
You gain the combat prowess of a mighty hero.
The ghoul closely misses you. The ghoul misses you.
The four-headed hydra skeleton misses you.
The four-headed hydra skeleton completely misses you.
The four-headed hydra skeleton bites you.
The four-headed hydra skeleton completely misses you.
You shoot a bolt.
The bolt completely misses the eight-headed hydra simulacrum.
The ghoul completely misses you. x2
The eight-headed hydra simulacrum bites you!
The eight-headed hydra simulacrum freezes you!
* * * LOW HITPOINT WARNING * * *
The eight-headed hydra simulacrum completely misses you. x5
The eight-headed hydra simulacrum bites you!
* * * LOW HITPOINT WARNING * * *
The eight-headed hydra simulacrum freezes you!!
You die...

♣♣.~~..~♣.♣♣~....~....
♣♣.§~..~.~♣~.~..~..♣~
♣♣^.~...~.~.~...~..~~.
♣♣.......~.~~...~.^~~~.
♣.~..~.§...♣.~.~.~.....
♣♣.~....~...~.~.~~....♣
♣♣~..~.†~~..##...♣##♣♣
♣♣♣ ♣♣.~Zn...~##♣#.~#
♣.♣ ♣♣..§hZ~♣♣## .~~.
<.♣♣♣♣ ♣~~~~~~..♣ ~§♣.
~~~..♣♣ ♣♣.~~~~.♣♣#
~~.~~.♣♣♣♣♣~~~~~~~#
~~~~~.♣~...†~~~§~~♣
.~~~~.†~†..~~~..≣≣≣
..=..÷....~~...≣≣
~~..~~.~~~~.♣≣≣≣
~~.~~~~~~~~.≣


You could see a ghoul, an eight-headed hydra simulacrum and a four-headed hydra
skeleton.

Vanquished Creatures
  Arachne (Spider:2)
  Asterion (Spider:1)
  A thorn hunter (Swamp:1)
  Aizul (Spider:2)
  3 emperor scorpions (Spider:4)
  3 ghost moths (Spider:4)
  2 ghouls (Swamp:3)
  A broodmother (Spider:2)
  An eleionoma (Swamp:4)
  A stone giant (Orc:2)
  5 dire elephants (Lair:5)
  6 spark wasps
  Azrael (D:14)
  2 bunyips (Swamp:3)
  Snorg (D:11)
  Josephine (Lair:5)
  A fire dragon (D:14)
  3 entropy weavers
  8 alligators
  15 hydras
  A ghost crab (Swamp:4)
  2 radroaches
  2 jorogumos
  7 boulder beetles
  3 ogre magi
  4 centaur warriors
  14 two-headed ogres
  A catoblepas (D:12)
  9 demonic crawlers
  2 death yaks (Lair:5)
  A spectral dire elephant (Lair:5)
  2 skeletal warriors
  Lodul (D:11)
  Nergalle (D:11)
  2 spectral death yaks (Lair:5)
  2 skysharks
  6 spriggan druids
  2 deep trolls (Orc:2)
  2 goliath frogs
  4 pharaoh ants
  6 orb spiders
  A spectral anaconda (Lair:5)
  A sun moth (Spider:1)
  2 swamp dragons
  7 bog bodies
  2 flayed ghosts
  3 orc knights
  An arcanist (D:15)
  4 necromancers
  A spectral hydra (Swamp:4)
  22 wolf spiders
  7 steelbarb worms
  3 manticores
  2 oklob plants (Lair:3)
  13 ugly things
  8 cyclopes
  An orc sorcerer (Orc:1)
  3 meliai (Spider:3)
  3 will-o-the-wisps
  Maurice (D:7)
  2 moths of wrath
  23 elephants
  5 torpor snails
  19 cane toads
  2 dire elephant skeletons (Lair:5)
  3 black mambas
  6 komodo dragons
  2 efreet (D:13)
  2 yaktaurs
  A rime drake (Lair:1)
  4 centaur skeletons (D:14)
  An unseen horror (D:11)
  A queen bee (D:8)
  A hydra zombie (Swamp:4)
  4 bloated husks
  10 hornets
  Grinder (D:6)
  10 trolls
  3 polar bears
  5 tyrant leeches
  36 tarantellas
  9 blink frogs
  2 spectral elephants (Lair:5)
  5 dream sheep (Lair:5)
  17 jumping spiders
  14 culicivoras
  9 slime creatures (D:12)
  A shadow (D:12)
  4 spriggans
  69 yaks
  2 vampires (D:12)
  3 wyverns
  8 basilisks
  8 wraiths
  11 fire bats (D:12)
  4 fire elementals
  2 wargs
  54 redbacks
  2 steam dragons
  A death yak simulacrum (Lair:5)
  16 vampire mosquitoes
  A spectral cane toad (Lair:5)
  16 swamp worms
  12 water moccasins
  3 acid dragons
  2 hell hounds
  A hydra simulacrum (Swamp:4)
  Duvessa (D:5)
  2 ice beasts
  14 orc warriors
  6 swamp drakes
  3 sky beasts
  A meliai simulacrum (D:12)
  4 wolves (Lair:4)
  A swamp dragon skeleton (Swamp:4)
  28 ogres
  5 boggarts (D:14)
  An elephant skeleton (Lair:5)
  10 centaurs
  A phantom (D:5)
  9 bullfrogs
  6 gnoll sergeants
  5 kobold brigands
  A necrophage (Swamp:4)
  3 scorpions (D:6)
  A cane toad simulacrum (Lair:5)
  17 wights
  Dowan (D:5)
  35 killer bees
  2 elephant simulacra (Lair:5)
  4 howler monkeys (D:9)
  3 electric eels (Spider:4)
  4 crimson imps (D:4)
  6 jellies
  11 hounds
  A bombardier beetle (D:6)
  5 gnoll boudas
  18 orc priests
  4 iguanas
  5 sleepcaps
  Jessica (D:2)
  19 orc wizards
  4 hell rats (Lair:5)
  2 yak simulacra (Lair:4)
  3 polar bear simulacra (Lair:4)
  4 wolf simulacra (Lair:4)
  46 gnolls
  10 adders
  A river rat (Lair:4)
  2 shadow imps
  4 white imps
  4 ufetubi
  2 ribbon worms
  2 dart slugs (D:4)
  60 orcs
  90 bats
  9 endoplasms
  3 giant cockroaches
  3 goblins
  12 hobgoblins
  4 jackals (D:10)
  4 quokkas
  4 ball pythons
  2 frilled lizards (D:2)
  13 kobolds
  2 rats (D:2)
  2 river rat simulacra (Lair:4)
  2 butterflies (Lair:3)
1166 creatures vanquished.

Vanquished Creatures (collateral kills)
  An elephant (Lair:5)
  An ogre (Orc:1)
2 creatures vanquished.

Vanquished Creatures (others)
  A fire giant (D:15)
  An elephant (Lair:5)
  2 bloated husks
  A redback (Spider:3)
  6 foxfires (Swamp:1)
11 creatures vanquished.

Grand Total: 1179 creatures vanquished

Notes
Turn   | Place    | Note
-------+----------+-------------------------------------------
     0 | D:1      | Kenran the Spriggan Hunter began the quest for the Orb.
     0 | D:1      | Reached XP level 1. HP: 10/10 MP: 2/2
   217 | D:1      | Reached XP level 2. HP: 14/14 MP: 3/3
   894 | D:2      | Reached skill level 5 in Ranged Weapons
   921 | D:2      | Reached XP level 3. HP: 18/18 MP: 4/4
   991 | D:2      | Found a faded altar of an unknown god.
  1031 | D:2      | Noticed Jessica
  1034 | D:2      | Killed Jessica
  1319 | D:2      | You fall into a shaft and drop 1 floor!
  1328 | D:3      | Reached XP level 4. HP: 22/22 MP: 5/5
  1520 | D:3      | Noticed a sky beast
  1585 | D:3      | Killed a sky beast
  1586 | D:3      | Reached XP level 5. HP: 25/25 MP: 6/6
  1954 | D:4      | Reached XP level 6. HP: 22/30 MP: 7/7
  2338 | D:4      | Reached XP level 7. HP: 30/31 MP: 8/8
  2394 | D:4      | Found a sparkling altar of Nemelex Xobeh.
  2462 | D:4      | Found a staircase to the Ecumenical Temple.
  2485 | Temple   | Entered the Ecumenical Temple
  2501 | Temple   | Became a worshipper of Warmaster Okawaru
  2537 | D:4      | Found a shimmering altar of Xom.
  3135 | D:5      | Entered Level 5 of the Dungeon
  3250 | D:5      | Reached skill level 10 in Ranged Weapons
  3545 | D:5      | Reached XP level 8. HP: 28/37 MP: 9/9
  3792 | D:5      | Reached * piety under Okawaru
  3873 | D:5      | Found Vaesu's Jewellery Boutique.
  3939 | D:5      | Noticed Duvessa
  3943 | D:5      | Noticed Dowan
  3961 | D:5      | Killed Duvessa
  3967 | D:5      | Killed Dowan
  4199 | D:6      | Noticed Grinder
  4684 | D:6      | Found a snail-covered altar of Cheibriados.
  4862 | D:6      | Reached skill level 3 in Dodging
  4986 | D:6      | Reached ** piety under Okawaru
  5159 | D:6      | Found Enwine's Armour Shop.
  5261 | D:6      | Reached XP level 9. HP: 25/42 MP: 10/10
  5881 | D:6      | Reached skill level 4 in Dodging
  5996 | D:6      | Killed Grinder
  5997 | D:6      | Reached skill level 5 in Dodging
  5997 | D:6      | Reached skill level 5 in Stealth
  6024 | D:6      | Reached *** piety under Okawaru
  6150 | D:6      | Reached skill level 6 in Dodging
  6253 | D:6      | Found Sukediec's Magic Scroll Boutique.
  6260 | D:6      | Bought a scroll of identify for 22 gold pieces
  6260 | D:6      | Bought a scroll of identify for 22 gold pieces
  6903 | D:7      | Noticed Maurice
  7187 | D:7      | Killed Maurice
  7462 | D:7      | Reached XP level 10. HP: 21/49 MP: 11/11
  7809 | D:7      | Found a blossoming altar of Fedhas.
  7952 | D:7      | Reached **** piety under Okawaru
  8330 | D:8      | Found Miuhosm's Book Boutique.
  8884 | D:8      | Identified the +5 robe of the Onion {rF- Will- Stlth+
                  | Archmagi}
  8943 | D:8      | Found a sacrificial altar of Ru.
  8961 | D:8      | Found a glowing silver altar of Zin.
  8982 | D:8      | Found Jyev's CLEARANCE SALE!.
  8991 | D:8      | Bought a scroll of identify for 10 gold pieces
  9116 | D:8      | Found a bloodstained altar of Trog.
  9435 | D:9      | Reached skill level 15 in Ranged Weapons
  9651 | D:9      | Reached skill level 7 in Dodging
  9729 | D:9      | Reached ***** piety under Okawaru
  9769 | D:9      | Paralysed by a hornet for 1 turns
  9964 | D:9      | Reached skill level 8 in Dodging
 10085 | D:8      | Found a shadowy altar of Dithmenos.
 10145 | D:8      | Reached XP level 11. HP: 33/52 MP: 9/12
 10638 | D:9      | Reached skill level 9 in Dodging
 10983 | D:5      | Bought an amulet of regeneration for 360 gold pieces
 11100 | D:10     | Entered Level 10 of the Dungeon
 11259 | D:10     | Found an ornate altar of the Wu Jian Council.
 11585 | D:10     | Reached skill level 10 in Dodging
 11631 | D:10     | Received a gift from Okawaru
 11643 | D:10     | Found Unis's Antique Weapon Boutique.
 11685 | D:10     | Found a staircase to the Orcish Mines.
 11854 | D:10     | Reached skill level 1 in Evocations
 11881 | D:10     | Reached skill level 1 in Invocations
 12327 | D:11     | Noticed a two-headed ogre
 12343 | D:11     | Killed a two-headed ogre
 12358 | D:11     | Noticed a two-headed ogre
 12391 | D:11     | Killed a two-headed ogre
 12431 | D:11     | Found a staircase to the Lair.
 12437 | D:11     | Noticed Snorg
 12469 | D:11     | Killed Snorg
 12525 | D:11     | Noticed Lodul
 12602 | D:11     | Killed Lodul
 12617 | D:11     | Received a gift from Okawaru
 12632 | D:11     | Reached skill level 11 in Dodging
 12632 | D:11     | Reached skill level 5 in Evocations
 12662 | D:11     | Noticed Nergalle
 12926 | D:11     | Noticed a white ugly thing
 12984 | D:11     | Killed a white ugly thing
 13296 | D:10     | Bought a glowing arbalest for 270 gold pieces
 13492 | Lair:1   | Entered Level 1 of the Lair of Beasts
 13526 | Lair:1   | Reached XP level 12. HP: 56/56 MP: 15/15
 13874 | Lair:1   | Received a gift from Okawaru
 13875 | Lair:1   | Reached skill level 12 in Dodging
 13875 | Lair:1   | Reached skill level 10 in Stealth
 14302 | Lair:2   | Reached skill level 13 in Dodging
 14387 | Lair:2   | Received a gift from Okawaru
 14607 | Lair:2   | Noticed a four-headed hydra
 14620 | Lair:2   | Killed a four-headed hydra
 14745 | Lair:2   | Noticed a five-headed hydra
 14749 | Lair:2   | Killed a five-headed hydra
 14749 | Lair:2   | Reached ****** piety under Okawaru
 14750 | Lair:2   | Reached skill level 14 in Dodging
 14750 | Lair:2   | Reached skill level 1 in Shapeshifting
 14750 | Lair:2   | Acquired the +7 hand cannon "Q" {freeze, rElec}
 14750 | Lair:2   | Received a gift from Okawaru
 14937 | Lair:3   | Found a gate leading to a gauntlet.
 14944 | Gauntlet | Entered a Gauntlet
 14944 | Gauntlet | Found a transporter.
 14944 | Gauntlet | Found a transporter.
 14944 | Gauntlet | Found a transporter.
 14964 | Gauntlet | Found a transporter.
 14974 | Gauntlet | Found a transporter.
 14995 | Gauntlet | Found a transporter.
 15004 | Gauntlet | Found a transporter.
 15011 | Gauntlet | Found a transporter.
 15053 | Gauntlet | Found a transporter.
 15070 | Gauntlet | Found a transporter.
 15078 | Gauntlet | Found a transporter.
 15095 | Gauntlet | Found a transporter.
 15147 | Lair:3   | You fall into a shaft and drop 2 floors!
 15147 | Lair:5   | Entered Level 5 of the Lair of Beasts
 15148 | Lair:5   | Noticed a boulder beetle
 15243 | Lair:5   | Noticed Josephine
 15362 | Lair:4   | Reached XP level 13. HP: 60/60 MP: 16/16
 15412 | Lair:4   | Received a gift from Okawaru
 15416 | Lair:4   | Acquired the quicksilver dragon scales "Beptir" {rPois
                  | Will+ Str+7}
 15416 | Lair:4   | Received a gift from Okawaru
 15554 | Lair:3   | Found a staircase to the Swamp.
 15569 | Lair:3   | Found a hole to the Spider Nest.
 16012 | Lair:3   | Received a gift from Okawaru
 16249 | Lair:3   | Reached skill level 5 in Shapeshifting
 16338 | Lair:3   | Reached skill level 15 in Dodging
 16489 | Swamp:1  | Entered Level 1 of the Swamp
 16524 | Lair:3   | Reached skill level 5 in Fighting
 17644 | Lair:5   | Received a gift from Okawaru
 17827 | Lair:5   | Reached XP level 14. HP: 70/70 MP: 17/17
 17984 | Lair:5   | Received a gift from Okawaru
 18047 | Lair:5   | Killed Josephine
 18274 | Lair:5   | Found a viscous altar of Jiyva.
 18274 | Lair:5   | Found a staircase to the Slime Pits.
 18598 | Lair:5   | Received a gift from Okawaru
 18599 | Lair:5   | Reached skill level 16 in Dodging
 19020 | Lair:5   | Received a gift from Okawaru
 19362 | Lair:5   | Reached skill level 17 in Dodging
 19583 | D:11     | Killed Nergalle
 19752 | D:12     | Received a gift from Okawaru
 19920 | D:12     | Found a runed translucent door.
 19944 | D:12     | Found a hazy altar of Hepliaklqana.
 19982 | D:12     | Found a blossoming altar of Fedhas.
 20028 | D:12     | Found an iron altar of Okawaru.
 20078 | D:12     | Found a stormy altar of Qazlal.
 20107 | D:12     | Found a shimmering blue altar of Sif Muna.
 20125 | D:12     | Found a burning altar of Makhleb.
 20599 | D:12     | Reached XP level 15. HP: 80/80 MP: 18/18
 20716 | D:12     | Reached skill level 18 in Dodging
 20972 | D:13     | Received a gift from Okawaru
 20973 | D:13     | Reached skill level 10 in Fighting
 21133 | D:13     | Found a large runed translucent door.
 21133 | D:13     | Found a large runed translucent door.
 21135 | D:13     | Noticed Waro's ghost (journeyman DjFE)
 21410 | D:14     | Noticed Azrael
 21478 | D:14     | Killed Azrael
 21486 | D:14     | Got the Secrets of the Boreal Evil Eye
 21555 | D:14     | Reached skill level 19 in Dodging
 21861 | D:14     | Received a gift from Okawaru
 22131 | D:14     | Found a gate to the Vaults.
 22340 | D:15     | Entered Level 15 of the Dungeon
 22345 | D:15     | Reached skill level 20 in Dodging
 22485 | D:15     | Found a staircase to the Depths.
 22485 | D:15     | Noticed a fire giant
 22696 | D:15     | Received a gift from Okawaru
 23110 | D:15     | Killed a fire giant
 23525 | Orc:1    | Entered Level 1 of the Orcish Mines
 23699 | Orc:2    | Entered Level 2 of the Orcish Mines
 23736 | Orc:2    | Found Wiypn's Magic Scroll Boutique.
 23745 | Orc:2    | Bought a scroll of fear for 40 gold pieces
 23805 | Orc:2    | Reached skill level 5 in Invocations
 23812 | Orc:2    | Received a gift from Okawaru
 23969 | Orc:2    | Found Tirer's Antique Weapon Emporium.
 23974 | Orc:2    | Found Atyfocw's Armour Boutique.
 23985 | Orc:2    | Received a gift from Okawaru
 23986 | Orc:2    | Reached skill level 21 in Dodging
 23990 | Orc:2    | Found Etreunorch's Antique Weapon Shoppe.
 23991 | Orc:2    | Found Tyveawac's Armour Emporium.
 24184 | Orc:2    | Reached XP level 16. HP: 85/85 MP: 20/20
 24240 | Orc:2    | Found a staircase to the Elven Halls.
 24354 | Orc:1    | Found Lum Tvzc's Jewellery Boutique.
 24642 | Orc:1    | Bought the ring "Rebat" {rPois Will+ AC+4 Int+4} for 795
                  | gold pieces
 24938 | Swamp:1  | Noticed a thorn hunter
 25027 | Spider:1 | Entered Level 1 of the Spider Nest
 25545 | Spider:1 | Received a gift from Okawaru
 25963 | Spider:1 | Reached skill level 15 in Stealth
 26134 | Spider:1 | Reached skill level 22 in Dodging
 26438 | Spider:2 | Noticed Arachne
 26439 | Spider:2 | Identified the serpent talisman "Xinie" {rElec rC- rCorr
                  | SInv}
 26439 | Spider:2 | Noticed Aizul
 26450 | Spider:2 | Killed Arachne
 26450 | Spider:2 | Received a gift from Okawaru
 26474 | Spider:2 | Killed Aizul
 26537 | Spider:2 | Noticed Asterion
 26608 | Spider:1 | Gained mutation: You are weak. (Str -2) [a cacodemon]
 26609 | Spider:1 | Gained mutation: Armour fits poorly on your strangely
                  | shaped body. [a cacodemon]
 26610 | Spider:1 | Gained mutation: You occasionally lose the ability to read
                  | scrolls when taking damage. [a cacodemon]
 26614 | Spider:1 | Killed Asterion
 27316 | Spider:3 | Received a gift from Okawaru
 27814 | Spider:4 | Entered Level 4 of the Spider Nest
 27881 | Spider:4 | Reached skill level 10 in Evocations
 27886 | Spider:4 | Received a gift from Okawaru
 27925 | Spider:3 | Reached XP level 17. HP: 90/91 MP: 21/21
 28311 | Spider:4 | Found a large runed translucent door.
 28311 | Spider:4 | Found a large runed translucent door.
 28529 | Spider:4 | Reached skill level 1 in Unarmed Combat
 28822 | Spider:4 | Received a gift from Okawaru
 29440 | Spider:4 | Received a gift from Okawaru
 29686 | Spider:4 | Got a gossamer rune of Zot
 30311 | Swamp:1  | Reached skill level 10 in Shapeshifting
 30604 | Swamp:2  | Reached skill level 5 in Unarmed Combat
 31333 | Swamp:3  | Noticed Mara
 31423 | Swamp:3  | Noticed Roxanne
 31524 | Swamp:3  | Received a gift from Okawaru
 31646 | Swamp:4  | Entered Level 4 of the Swamp
 32159 | Swamp:4  | Reached XP level 18. HP: 85/98 MP: 22/22
 32248 | Swamp:4  | Mangled by an eight-headed hydra simulacrum

Illustrated notes

Levels and vault maps discovered:
D:1:      lemuel_arrival_river_bridge, layout_loops_ring
D:2:      layout_rooms, ebering_ecumenical_altar_petrified, grunt_ministairs_5,
          kennysheep_donut, uniq_jessica
D:3:      layout_rooms
D:4:      nicolae_cairo_tiling_large, layout_gridville, led_xom_imps,
          mainiacjoe_overflow_alcove_4, minmay_temple_entry_statues_pillars,
          dreamdust_mushroom_princess, minmay_starry_boxes
D:5:      layout_rooms, nicolae_stop_n_shop_2, uniq_duvessa
D:6:      minmay_angry_zag, layout_basic, cheibriados_altar_1, serial_shops,
          shop, nicolae_square_shop, grunt_ministairs_15, uniq_grinder
D:7:      nicolae_whirlpool, layout_loops_ring, fedhas_altar_4, uniq_maurice
D:8:      layout_gridville, nicolae_ru_awakened_eye,
          nicolae_overflow_hidden_temple, serial_shops, shop,
          nicolae_shop_clearance
D:9:      layout_gridville, minivault_7
D:10:     layout_cave_pools, lemuel_tele_altar, erik_orc_4, serial_gnoll_camp,
          gnoll_camp_medium_02, gnoll_camp_huts_basic, gnoll_camp_mini_shop,
          gnoll_camp_mini_house, gnoll_camp_mini_hut
D:11:     layout_irregular_city, lair_entry_dummy, uniq_snorg, uniq_nergalle,
          uniq_lodul
D:12:     due_megacathedral, layout_loops_ring, serial_glass, glass_columns_a,
          glass_columns_a, minmay_radiant
D:13:     layout_basic, ebering_ghost_disaster_area, kennysheep_generic_room_15
D:14:     layout_basic, hangedman_vaults_entry_quadrant_bands, uniq_azrael
D:15:     grunt_enter_depths_giant_problem, layout_cave_pods
Temple:   oiseaux_autumnal_temple
Lair:1:   layout_gridlike, infiniplex_staircase_pool_2, serial_bayou_shore_a
Lair:2:   layout_gridlike, grunt_megastairs_3
Lair:3:   layout_misc_corridors, mainiacjoe_swamp_entry_angry_trees,
          dummy_spider_entry, gauntlet_entry_generic, dpeg_oklob_1,
          lemuel_fruit_fields, lemuel_fruit_tree
Lair:4:   layout_layer_cave, eino_house_with_fridge, grunt_megastairs_4
Lair:5:   due_jungle_book, layout_regular_city, nicolae_slime_entry_slimehenge,
          enter_volcano_1, uniq_josephine
Swamp:1:  cheibrodos_swamp_tower_of_moss, layout_basic_swamp,
          evilmike_swamp_ruin_house_5, swamp_pool_1_2,
          nicolae_swamp_round_clearing
Swamp:2:  layout_falls_marsh, hangedman_swamp_lotus
Swamp:3:  layout_basic_swamp, nicolae_swamp_stuck_in_the_mud, uniq_roxanne,
          uniq_mara
Swamp:4:  byrel_swamp_growth_death_and_undeath, layout_basic_swamp
Spider:1: layout_chambers
Spider:2: layout_spider_delve, uniq_asterion, uniq_aizul, uniq_arachne
Spider:3: layout_cave_pods, einodemon_crawler_minivault
Spider:4: spider_rune_water, spiders_nest_the_unseen
Orc:1:    cheibrodos_orc_bank, layout_caves, serial_shops,
          nicolae_shop_tiny_waterfront
Orc:2:    st_orc_open, layout_caves, serial_shops, nicolae_shop_waterfront

Skill      XL: |  1  2  3  4  5  6  7  8  9 10 11 12 13 14 15 16 17 18 |
---------------+-------------------------------------------------------+-----
Ranged Weapons | 5 6 7 8 10 12 13 15 16 17 18 | 18.0
Stealth        | 3 6 9 10 13 15 | 15.0
Dodging        | 3 6 8 11 14 15 17 21 22 | 22.0
Fighting       | 2 3 6 9 10 11 12 | 12.0
Evocations     | 5 10 | 10.0
Invocations    | 3 5 |  5.0
Shapeshifting  | 2 7 12 | 12.0
Unarmed Combat | 6 7 |  7.0

Action                     |  1- 3 |  4- 6 |  7- 9 | 10-12 | 13-15 | 16-18 || total
---------------------------+-------+-------+-------+-------+-------+-------++-------
   Fire: Shortbow          |    62 |   128 |   431 |       |       |       ||   621
         Orcbow            |       |       |   230 |   956 |       |       ||  1186
         Arbalest          |       |       |       |   113 |  1253 |  1223 ||  2589
         Hand cannon       |       |       |       |    46 |    54 |       ||   100
 Invoke: Heroism           |       |       |     1 |     6 |       |     8 ||    15
         Receive Weapon    |       |       |       |     1 |       |       ||     1
         Receive Armour    |       |       |       |       |     1 |       ||     1
  Evoke: Condenser vane    |       |       |       |       |       |     1 ||     1
    Use: Scroll            |       |     9 |     7 |    11 |     8 |     4 ||    39
         Potion            |       |       |     3 |       |       |     1 ||     4
 Armour: Robe              |     7 |    12 |   109 |    72 |       |       ||   200
         Troll leather arm |       |       |       |    52 |   167 |   289 ||   508
  Dodge: Dodged            |    17 |    19 |   295 |   443 |   729 |  1550 ||  3053
   Form: Beast             |       |       |       |       |     1 |       ||     1

Table legend: (Time is in decaauts)
 A = Elapsed time spent in this place.
 B = Non-inter-level travel time spent in this place.
 C = Inter-level travel time spent in this place.
 D = Time resting spent in this place.
 E = Time spent auto-exploring this place.
 F = Levels seen in this place.
 G = Mean time per level.
                   A        B        C        D        E       F      G
               +--------+--------+--------+--------+--------+-----+--------+
         Total |  23856 |  22657 |   1199 |   4588 |  10153 |  32 |  745.5 |
       Dungeon |  12732 |  12119 |    613 |   3165 |   5191 |  15 |  848.8 |
        Temple |     20 |      2 |     18 |      0 |      0 |   1 |   20.0 |
          Lair |   4512 |   4209 |    303 |    395 |   2098 |   5 |  902.4 |
         Swamp |   1908 |   1857 |     51 |    136 |   1084 |   4 |  477.0 |
   Spider Nest |   3758 |   3622 |    136 |    891 |   1250 |   4 |  939.5 |
  Orcish Mines |    818 |    741 |     77 |      0 |    441 |   2 |  409.0 |
      Gauntlet |    105 |    105 |      0 |      0 |     86 |   1 |  105.0 |
               +--------+--------+--------+--------+--------+-----+--------+

Top non-repeatable levels by time:
     D:7: 1559 daAuts
  Lair:5: 1525 daAuts
Spider:4: 1500 daAuts
     D:5: 1365 daAuts
     D:4: 1297 daAuts
     D:9: 1149 daAuts
     D:6: 1102 daAuts
Spider:1: 1030 daAuts
  Lair:3: 988 daAuts
  Lair:4: 904 daAuts
    D:11: 885 daAuts
    D:12: 855 daAuts
     D:8: 805 daAuts
    D:10: 750 daAuts
    D:15: 698 daAuts
